 Dungeon Crawl Stone Soup version 0.21-a0-496-g696f58f537 (webtiles) character file.

30 Kaname the Stinger (level 3, 15/24 HPs)
             Began as a Demonspawn Venom Mage on Nov 23, 2017.
             Quit the game on level 1 of the Dungeon.
             The game lasted 00:02:41 (829 turns).

Kaname the Stinger (Demonspawn Venom Mage)           Turns: 829, Time: 00:02:42

Health: 15/24      AC:  3    Str:  8    XL:     3   Next: 3%
Magic:  0/6        EV: 12    Int: 17    God:
Gold:   31         SH:  0    Dex: 13    Spells: 3/6 levels left

rFire    . . .     SeeInvis .   k - +0 short sword
rCold    . . .     Gourm    .   (no shield)
rNeg     . . .     Faith    .   a - +0 robe
rPois    .         Spirit   .   (helmet restricted)
rElec    .         Reflect  .   (no cloak)
rCorr    .         Harm     .   (no gloves)
MR       .....                  (no boots)
Stlth    ++........             (no amulet)
HPRegen  0.08/turn              (no ring)
MPRegen  0.10/turn              (no ring)

@: no status effects
A: antennae 1, rugged brown scales 1
a: no special abilities


You were on level 1 of the Dungeon.
You were hungry.

You visited 1 branch of the dungeon, and saw 1 of its levels.

You collected 31 gold pieces.

Inventory:

Hand Weapons
 k - a +0 short sword (weapon)
Armour
 a - a +0 robe (worn)
Scrolls
 e - a scroll of teleportation {unknown}
 f - a scroll of blinking {unknown}
 g - 2 scrolls of identify {unknown}
Potions
 d - a potion of brilliance {unknown}
 h - 2 potions of flight {unknown}
 i - a potion of berserk rage {unknown}
 j - a potion of heal wounds {unknown}
Books
 b - a Young Poisoner's Handbook

   Spells                             Type                      Level
   a - Sting                          Conjuration/Poison           1
   b - Poisonous Vapours              Poison/Air                   2
   c - Mephitic Cloud                 Conjuration/Poison/Air       3
   d - Olgreb's Toxic Radiance        Poison                       4
   e - Venom Bolt                     Conjuration/Poison           5
Comestibles
 c - 2 bread rations


   Skills:
 - Level 1.7 Dodging
 - Level 1.7 Stealth
 - Level 2.0 Spellcasting
 - Level 2.0 Conjurations
 + Level 3.8 Poison Magic


You had 3 spell levels left.
You knew the following spells:

 Your Spells              Type           Power        Failure   Level  Hunger
a - Sting                 Conj/Pois      ##..         6%          1    #......
b - Poisonous Vapours     Pois/Air       #.....       13%         2    ###....


Dungeon Overview and Level Annotations

Branches:
Dungeon (1/15)

Altars:


Innate Abilities, Weirdness & Mutations

You have a pair of small antennae on your head.
You are partially covered in rugged brown scales. (AC +1, +3% HP)


Message History

Press: ? - help, Shift-Dir - straight line, f - leopard gecko
Aim: a leopard gecko (clinging, resting)
The sting hits the leopard gecko.
The leopard gecko appears unharmed.
The leopard gecko hisses angrily.
The ooze quivers.
The leopard gecko moves out of view.
Casting: Sting
Confirm with . or Enter, or press ? or * to list all spells.
Aiming: Sting
Press: ? - help, Shift-Dir - straight line, f/p - leopard gecko
Aim: a leopard gecko (clinging)
The sting hits the leopard gecko.
The leopard gecko is poisoned.
The leopard gecko is almost dead.
You kill the leopard gecko!
You have reached level 3!
Your experience leads to an increase in your attributes!
Increase (S)trength, (I)ntelligence, or (D)exterity?
You feel clever.
Your demonic ancestry asserts itself...
Rugged brown scales grow over part of your body.
Are you sure you want to abandon this character and quit the game? (Confirm with "yes".)

####......######.#.....#.##......
.................##'#+##.##†#####
.)..............K.....##.##)#
.##############......#...##)# .#
#. #...........#.# .. .# #..
########....#.# # . .# ##...
#.........#.#.#.# ..
......####.#######.#.#.... ...
......J..@......#......... ..K.
......####.####.##.....#.# .....
..... #.####.##.#...... ......
.... #................ ..........
#......##.##....# .. #.[...###.#
....# . #.......... ....#
##....######....# #....# #


You could see an ooze.

Vanquished Creatures
  A leopard gecko (D:1)
  2 bats (D:1)
  3 giant cockroaches (D:1)
  4 goblins (D:1)
  6 hobgoblins (D:1)
  4 kobolds (D:1)
  A frilled lizard (D:1)
  3 rats (D:1)
24 creatures vanquished.

Notes
Turn   | Place    | Note
-------+----------+-------------------------------------------
     0 | D:1      | Kaname the Demonspawn Venom Mage began the quest for the Orb.
     0 | D:1      | Reached XP level 1. HP: 13/13 MP: 3/3
   204 | D:1      | Gained mutation: You have a pair of small antennae on your head. [demonic ancestry]
   204 | D:1      | Reached XP level 2. HP: 14/19 MP: 0/5
   692 | D:1      | Learned a level 2 spell: Poisonous Vapours
   828 | D:1      | Gained mutation: You are partially covered in rugged brown scales. (AC +1, +3% HP) [demonic ancestry]
   828 | D:1      | Reached XP level 3. HP: 15/24 MP: 0/6
   829 | D:1      | Quit the game

Vault maps used:
D:1:      dpeg_arrival_arbitrary_c

Skill      XL: |  1 |
---------------+----+-----
Conjurations   | 2 |  2.0
Dodging        | |  1.7
Stealth        | |  1.7
Spellcasting   | |  2.0
Poison Magic   | |  3.8

Action                   || total
-------------------------++-------
Melee: Unarmed           ||    48
       Short sword       ||    11
 Cast: Sting             ||    42
Armor: Robe              ||     8
Dodge: Dodged            ||    46

Table legend:
 A = Spawn XP
 B = Non-spawn XP
 C = Spawn XP percentage of total XP
 D = Spawn monster count
 E = Non-spawn monster count
 F = Spawn count percentage of total count
 G = Total turns spent on level
                    A         B        C        D         E        F      G
               +---------+---------+-------+---------+---------+-------+---------
         Total |       0 |      43 |   0.0 |       0 |      24 |   0.0 |   829
               +---------+---------+-------+---------+---------+-------+---------
           D:1 |       0 |      43 |   0.0 |       0 |      24 |   0.0 |   829
               +---------+---------+-------+---------+---------+-------+---------
